 Dungeon Crawl Stone Soup version 0.30-a0-474-g5673dd7ce6 (webtiles) character file.

Game seed: 12606300285966036892

95 M4edhros the Charlatan (level 4, -3/28 HPs)
             Began as an Octopode Artificer on Dec 20, 2022.
             Slain by Duvessa
             ... wielding a +1 short sword of venom
              (8 damage)
             ... on level 4 of the Dungeon.
             The game lasted 00:03:42 (748 turns).

M4edhros the Charlatan (Octopode Artificer)          Turns: 748, Time: 00:03:42

Health: -3/28      AC:  1    Str: 11    XL:     4   Next: 65%
Magic:  4/4        EV: 14    Int: 13    God:
Gold:   61         SH:  0    Dex: 14    Spells: 3/3 levels left

rFire   . . .      SeeInvis .    (no weapon)
rCold   . . .      Faith    .    (no shield)
rNeg    . . .      Spirit   .    (helmet restricted)
rPois   .          Reflect  .    (no amulet)
rElec   .          Harm     .    f - ring of flight
rCorr   .          Rampage  .    (no ring)
Will    .....                    (no ring)
Stlth   +++.......               (no ring)
HPRegen 0.24/turn                (no ring)
MPRegen 0.09/turn                (no ring)
                                 (no ring)
                                 (no ring)

@: mighty, lethally poisoned (-3 -> -13), about to teleport, flying
A: almost no armour, amphibious, 8 rings, camouflage 1, gelatinous body 1,
(nimble swimmer 1), tentacles
a: no special abilities


You were on level 4 of the Dungeon.
You visited 1 branch of the dungeon, and saw 4 of its levels.

You collected 61 gold pieces.

Inventory:

Jewellery
 f - a ring of flight (left tentacle)
Wands
 b - a wand of flame (29) (quivered)
 c - a wand of charming (12)
 d - a wand of iceblast (5)
Scrolls
 a - 3 scrolls of identify {unknown}


   Skills:
 - Level 1.0 Fighting
 * Level 3.8 Dodging
 + Level 3.1 Stealth
 + Level 4.0 Evocations


You had 3 spell levels left.
You didn't know any spells.
Your spell library contained the following spells:

 Spells                   Type           Power      Damage    Failure   Level
 Gell's Gravitas          Tloc           0%         N/A       67%         3
 Lesser Beckoning         Tloc           0%         N/A       67%         3
 Teleport Other           Tloc           0%         N/A       67%         3
 Malign Gateway           Summ/Tloc      0%         N/A       100%        7
 Summon Horrible Things   Summ           0%         N/A       100%        8


Dungeon Overview and Level Annotations

Branches:
Dungeon (4/15)
 Temple: D:4-7

Altars:

Annotations:
D:4 Duvessa


Innate Abilities, Weirdness & Mutations

You cannot wear most types of armour.
You are amphibious.
You can wear up to eight rings at the same time.
Your skin changes colour to match your surroundings (Stealth+).
Your rubbery body absorbs attacks. (AC +1, EV +1)
((You are camouflaged when in or above water. (Stealth+)))
You have tentacles for arms and can constrict up to eight enemies at once.


Message History

The orc dies!
Duvessa hits the orc with a +1 short sword of venom!!
The orc dies!
What are your orders? t - Shout!
Orders for allies: a - Attack new target. r - Retreat! s - Stop attacking. g - Guard the area. f - Follow me.
Anything else - Cancel.
Guard this area!
Duvessa rages.
There is a stone staircase leading up here.
Things that are here:
a +0 dagger of freezing; a +0 robe; the elf corpse of Dowan You aren't carrying any potions.
Okay, then.
Things that are here:
a +0 flail; a +0 leather armour Duvessa rages.
Found 4 stones.
You aren't carrying any potions.
As you read the scroll labelled VUPLEPN UTROA, it crumbles to dust.
It is a scroll of enchant armour.
You aren't carrying any armour which can be enchanted further.
As you read the scroll labelled TUFAER FUKHLUTO, it crumbles to dust.
It is a scroll of amnesia.
You feel forgetful for a moment.
As you read the scroll labelled NELOWA SYGEMENYBOLL, it crumbles to dust.
You feel strangely unstable.
It was a scroll of teleportation.
Duvessa is no longer charmed.
Duvessa hits you with a +1 short sword of venom.
You are lethally poisoned!
You aren't carrying any potions.
* * * LOW HITPOINT WARNING * * *
You feel very sick.
Duvessa rages.
Duvessa closely misses you. Duvessa attacks as you move away!
Duvessa hits you with a +1 short sword of venom!
You die...

.....# #..........#
#.....##.........##
.......#.......###
......).###..###
.......)######
.........##
..........###
.........e..##
.........@...#
..............#
........)......#
.................
##...............
##...........##.
##....(######
######


You could see Duvessa (berserk).

Vanquished Creatures
  3 adders
  A dart slug (D:1)
  A bat (D:3)
  2 endoplasms (D:2)
  A giant cockroach (D:2)
  3 goblins (D:2)
  A hobgoblin (D:3)
  3 jackals (D:2)
  6 ball pythons
  2 frilled lizards (D:1)
  5 kobolds
  4 rats
32 creatures vanquished.

Vanquished Creatures (collateral kills)
  An orc wizard (D:4)
  A worm (D:4)
  2 orcs (D:4)
  A ball python (D:4)
5 creatures vanquished.

Vanquished Creatures (others)
  Dowan (D:4)
  2 plants (D:1)
3 creatures vanquished.

Grand Total: 40 creatures vanquished

Notes
Turn   | Place    | Note
-------+----------+-------------------------------------------
     0 | D:1      | M4edhros the Octopode Artificer began the quest for the
                  | Orb.
     0 | D:1      | Reached XP level 1. HP: 13/13 MP: 1/1
   118 | D:1      | Reached XP level 2. HP: 16/18 MP: 2/2
   258 | D:1      | Found a faded altar of an unknown god.
   371 | D:2      | Reached XP level 3. HP: 12/23 MP: 3/3
   670 | D:3      | Reached XP level 4. HP: 26/28 MP: 4/4
   700 | D:4      | Noticed Duvessa
   700 | D:4      | Noticed Dowan
   705 | D:4      | Your ally Dowan died
   728 | D:4      | Reached skill level 4 in Evocations
   748 | D:4      | Slain by Duvessa

Illustrated notes

Levels and vault maps discovered:
D:1:      evilmike_arrival_rings, layout_basic,
          dreamdust_ecumenical_altar_grove, minmay_door_square,
          chequers_big_river
D:2:      layout_basic, uniq_natasha
D:3:      layout_basic, nicolae_overflow_quartered_altars, glass_columns_a
D:4:      layout_cave_pods, serial_shops, shop, chequers_hall_statues_wall_a,
          eino_tiny_chamber, minivault_26, uniq_duvessa, uniq_menkaure

Skill      XL: |  1  2  3  4 |
---------------+-------------+-----
Stealth        | 2 3 |  3.1
Dodging        | 3 |  3.8
Evocations     | 4 |  4.0
Fighting       | |  1.0

Action                   |  1- 3 |  4- 6 || total
-------------------------+-------+-------++-------
Melee: Unarmed           |    72 |     6 ||    78
       Constrict         |    28 |     1 ||    29
       Tentacles         |    19 |     2 ||    21
       Punch             |     1 |       ||     1
Evoke: Wand              |       |     3 ||     3
  Use: Scroll            |       |     3 ||     3
       Potion            |       |     2 ||     2
 Stab: Sleeping          |     3 |       ||     3
       Distracted        |     1 |       ||     1
Armor: Skin              |     3 |     4 ||     7
Dodge: Dodged            |    46 |    29 ||    75

Table legend: (Time is in decaauts)
 A = Elapsed time spent in this place.
 B = Non-inter-level travel time spent in this place.
 C = Inter-level travel time spent in this place.
 D = Time resting spent in this place.
 E = Time spent auto-exploring this place.
 F = Levels seen in this place.
 G = Mean time per level.
                   A        B        C        D        E       F      G
               +--------+--------+--------+--------+--------+-----+--------+
         Total |    747 |    747 |      0 |      0 |     52 |   4 |  186.8 |
       Dungeon |    747 |    747 |      0 |      0 |     52 |   4 |  186.8 |
               +--------+--------+--------+--------+--------+-----+--------+

Top non-repeatable levels by time:
     D:1: 330 daAuts
     D:2: 258 daAuts
     D:3: 111 daAuts
     D:4: 47 daAuts
